 Dungeon Crawl Stone Soup version 0.26-a0-540-g8a0c9464d7 (webtiles) character file.

Game seed: 8335282416283359514

28 vurker the Covert (level 3, -2/35 HPs)
             Began as a Gnoll Delver on Aug 22, 2020.
             Slain by Natasha (8 damage)
             ... on level 2 of the Dungeon.
             The game lasted 00:01:01 (642 turns).

vurker the Covert (Gnoll Delver)                     Turns: 642, Time: 00:01:02

Health: -2/35      AC:  4    Str: 14    XL:     3   Next: 12%
Magic:  3/3        EV: 14    Int: 13    God:
Gold:   42         SH:  0    Dex: 16    Spells: 3/3 levels left

rFire    . . .     SeeInvis .   a - +0 mace
rCold    . . .     Faith    .   (no shield)
rNeg     . . .     Spirit   .   b - +0 leather armour
rPois    .         Reflect  .   (no helmet)
rElec    .         Harm     .   i - +0 cloak (curse)
rCorr    .                      (no gloves)
MR       .....                  (no boots)
Stlth    ++++......             (no amulet)
HPRegen  0.11/turn              (no ring)
MPRegen  0.08/turn              (no ring)

@: no status effects
A: distributed training, fangs 1, strong nose
a: no special abilities


You were on level 2 of the Dungeon.
You visited 1 branch of the dungeon, and saw 4 of its levels.

You collected 42 gold pieces.

Inventory:

Hand Weapons
 a - a +0 mace (weapon)
Armour
 b - a +0 leather armour (worn)
 i - a cursed +0 cloak (worn)
   (You found it on level 3 of the Dungeon)
Jewellery
 j - a +6 ring of dexterity {unknown}
   (You found it on level 2 of the Dungeon)
Wands
 v - a wand of digging (3)
Scrolls
 c - 2 scrolls of fog
 d - a scroll of magic mapping
 e - a scroll of fear
 g - a scroll of identify {unknown}
Potions
 f - a potion of haste
 h - a potion of magic {unknown}


   Skills:
 + Level 6.5 Fighting
 + Level 0.6 Short Blades
 + Level 0.6 Long Blades
 + Level 0.6 Axes
 + Level 4.5 Maces & Flails
 + Level 0.6 Polearms
 + Level 0.6 Staves
 + Level 0.6 Slings
 + Level 0.6 Bows
 + Level 0.6 Crossbows
 + Level 0.6 Throwing
 + Level 0.6 Armour
 + Level 4.5 Dodging
 + Level 9.5 Stealth
 + Level 0.6 Shields
 + Level 0.6 Unarmed Combat
 + Level 0.6 Spellcasting
 + Level 0.4 Conjurations
 + Level 0.4 Hexes
 + Level 0.4 Summonings
 + Level 0.4 Necromancy
 + Level 0.4 Translocations
 + Level 0.4 Transmutations
 + Level 0.4 Fire Magic
 + Level 0.4 Ice Magic
 + Level 0.4 Air Magic
 + Level 0.4 Earth Magic
 + Level 0.4 Poison Magic
 + Level 0.8 Invocations
 + Level 0.6 Evocations


You had 3 spell levels left.
You didn't know any spells.
Your spell library was empty.

Dungeon Overview and Level Annotations

Branches:
Dungeon (5/15)
 Temple: D:4-7

Altars:

Annotations:
D:2 Natasha


Innate Abilities, Weirdness & Mutations

Your experience applies equally to all skills.
You have very sharp teeth.
Your uncanny sense of smell can sniff out nearby items.


Message History

You sock the kobold!
You kill the kobold!
No target in view!
No target in view!
No target in view!
No target in view!
No target in view!
i - a cloak You start putting on your armour.
You continue putting on your cloak. x4
You finish putting on your cursed +0 cloak.
Oops, that feels deathly cold.
Found a stone staircase leading up.
A giant cockroach comes into view.
Unknown command.
Unknown command.
There is a stone staircase leading up here.
You climb upwards.
Found a paperback book and 7 gold pieces.
There is a stone staircase leading down here.
Found a notched garnet ring.
You now have 42 gold pieces (gained 7).
j - a notched garnet ring A rat and Natasha come into view.
A rat comes into view.
You see here a book of Misfortune.
A rat comes into view.
The helpless Natasha fails to defend herself.
You hit Natasha. Your bite misses Natasha.
Natasha mumbles some strange words.
Natasha claws you.
You thump Natasha! Natasha claws you.
You barely miss Natasha. The white imp gestures at you.
The puff of frost hits you.
Natasha howls an incantation.
Natasha shimmers violently.
Natasha misses you.
You hit Natasha.
The white imp hits you but does no damage.
Natasha closely misses you.
You closely miss Natasha. The white imp gestures at you.
The puff of frost hits you.
* * * LOW HITPOINT WARNING * * *
Natasha barely misses you.
You hit Natasha but do no damage. You bite Natasha, but do no damage.
The white imp gestures at you. The puff of frost hits you!
* * * LOW HITPOINT WARNING * * *
Natasha claws you!
You die...

###### #....#########
#r...#.......#
#....#.....>.# #####
#..5.#.......# ....#
#.h@.:.......##....#
#............#...... ∆
#............#.#####
......................
.....##....#####.......
....#. ####..r ........
....#. #...####.###.#
... #. r.#.# #.. .#
###. #


You could see Natasha, a white imp (summoned) and 2 rats.

Vanquished Creatures
  3 worms (D:3)
  A leopard gecko (D:3)
  An orc (D:3)
  3 giant cockroaches
  A goblin (D:3)
  2 hobgoblins (D:3)
  A ball python (D:3)
  A frilled lizard (D:3)
  3 kobolds (D:3)
  A rat (D:3)
17 creatures vanquished.

Notes
Turn   | Place    | Note
-------+----------+-------------------------------------------
     0 | D:5      | Reached skill level 9 in Stealth
     0 | D:5      | vurker the Gnoll Delver began the quest for the Orb.
     0 | D:5      | Reached XP level 1. HP: 23/23 MP: 1/1
    37 | D:5      | Noticed an ogre
   286 | D:3      | Reached XP level 2. HP: 29/29 MP: 2/2
   546 | D:3      | Reached XP level 3. HP: 35/35 MP: 3/3
   630 | D:2      | Noticed Natasha
   642 | D:2      | Slain by Natasha

Illustrated notes

Levels and vault maps discovered:
D:2:      layout_rooms, uniq_natasha
D:3:      minmay_inner_zag, layout_loops_ring, gammafunk_ghost_gnarly_gnolls,
          nicolae_ru_awakened_eye
D:4:      layout_rooms, old_standard_altar, gammafunk_ghost_grave
D:5:      layout_loops_cross, lemuel_round_altar, minmay_temple_entry_poolview,
          serial_shops, shop, uniq_menkaure, uniq_blork_the_orc

Skill      XL: | |
---------------+-+-----
Stealth        | |  9.5
Fighting       | |  6.5
Short Blades   | |  0.6
Long Blades    | |  0.6
Axes           | |  0.6
Maces & Flails | |  4.5
Polearms       | |  0.6
Staves         | |  0.6
Slings         | |  0.6
Bows           | |  0.6
Crossbows      | |  0.6
Throwing       | |  0.6
Armour         | |  0.6
Dodging        | |  4.5
Shields        | |  0.6
Unarmed Combat | |  0.6
Spellcasting   | |  0.6
Conjurations   | |  0.4
Hexes          | |  0.4
Summonings     | |  0.4
Necromancy     | |  0.4
Translocations | |  0.4
Transmutations | |  0.4
Fire Magic     | |  0.4
Ice Magic      | |  0.4
Air Magic      | |  0.4
Earth Magic    | |  0.4
Poison Magic   | |  0.4
Invocations    | |  0.8
Evocations     | |  0.6

Action                   || total
-------------------------++-------
Melee: Mace              ||    45
       Bite              ||     4
 Stab: Sleeping          ||    12
       Distracted        ||     1
Armor: Leather armour    ||     3
Dodge: Dodged            ||    17

Table legend: (Time is in decaauts)
 A = Elapsed time spent in this place.
 B = Non-inter-level travel time spent in this place.
 C = Inter-level travel time spent in this place.
 D = Time resting spent in this place.
 E = Time spent auto-exploring this place.
 F = Levels seen in this place.
 G = Mean time per level.
                   A        B        C        D        E       F      G
               +--------+--------+--------+--------+--------+-----+--------+
         Total |    649 |    643 |      6 |     37 |    437 |   4 |  162.2 |
       Dungeon |    649 |    643 |      6 |     37 |    437 |   4 |  162.2 |
               +--------+--------+--------+--------+--------+-----+--------+

Top non-repeatable levels by time:
     D:3: 499 daAuts
     D:4: 73 daAuts
     D:5: 50 daAuts
     D:2: 26 daAuts
